 Dungeon Crawl Stone Soup version 0.22.1-1-ga44c0e56f4 (webtiles) character file.

192 Kaderl the Covered (level 6, -4/47 HPs)
             Began as a Human Fighter on Oct 1, 2018.
             Killed from afar by an orc wizard (8 damage)
             ... with a magic dart
             ... on level 4 of the Dungeon.
             The game lasted 00:05:03 (2013 turns).

Kaderl the Covered (Human Fighter)                  Turns: 2013, Time: 00:05:04

Health: -4/47      AC:  8    Str: 24    XL:     6   Next: 2%
Magic:  6/6        EV:  7    Int:  8    God:
Gold:   114        SH:  0    Dex: 12    Spells: 5/5 levels left

rFire    . . .     SeeInvis .   a - +0 flail
rCold    . . .     Gourm    .   c - +0 shield
rNeg     . . .     Faith    .   b - +0 scale mail
rPois    .         Spirit   .   h - +0 helmet
rElec    .         Reflect  .   (no cloak)
rCorr    .         Harm     .   (no gloves)
MR       .....                  (no boots)
Stlth    ..........             (no amulet)
HPRegen  0.15/turn              (no ring)
MPRegen  0.10/turn              (no ring)

@: confused, mighty
A: no striking features
a: no special abilities


You were on level 4 of the Dungeon.
You were not hungry.

You visited 1 branch of the dungeon, and saw 4 of its levels.

You collected 114 gold pieces.

Inventory:

Hand Weapons
 a - a +0 flail (weapon)
Armour
 b - a +0 scale mail (worn)
 c - a +0 shield (worn)
 h - a +0 helmet (worn)
Scrolls
 e - a scroll of fear
 g - a scroll of remove curse
 j - a scroll of teleportation
 l - 5 scrolls of identify {unknown}
 m - a scroll of immolation {unknown}
 o - a scroll of amnesia {unknown}
Potions
 d - 2 potions of might
 k - 2 potions of curing {unknown}
 n - a potion of haste {unknown}
Comestibles
 f - 3 rations


   Skills:
 + Level 3.5 Fighting
 + Level 3.6 Maces & Flails
 + Level 4.2 Armour
 + Level 0.5 Dodging
 + Level 3.7 Shields


You had 5 spell levels left.
You didn't know any spells.
Your spell library was empty.

Dungeon Overview and Level Annotations

Branches:
Dungeon (4/15)
 Temple: D:4-7

Altars:
Ashenzari
Gozag
Trog
Wu Jian

Annotations:
D:3 3 runed doors, 3rdEnemy's ghost, amateur TrFi


Message History

You bludgeon the orc!!
You kill the orc!
The orc hits you but does no damage. Something hits you.
* * * LOW HITPOINT WARNING * * *
You sock the orc!
You kill the orc!
Something hits you but does no damage.
Your shield prevents you from hitting something.
You block something's attack.
You sock something! Something hits you but does no damage.
You block something's attack.
You closely miss something.
You hear some strange, mumbled words.
You are confused.
You're too confused to move!
Something hits you but does no damage.
You miss something.
You hear some strange, mumbled words.
A magic dart appears from out of thin air!
The magic dart hits you!
You die...

... #.........
.... #.........
.)..######........
..................
.#................
(.................
................>.
........†{).......
[.......)@).......
.................#
............###..
.....>........
...........##..
..........## ###
...####### ..


There were no monsters in sight!

Vanquished Creatures
  2 hounds
  A hound skeleton (D:3)
  4 adders
  4 worms
  A dart slug (D:1)
  A leopard gecko (D:3)
  6 orcs
  A ball python (D:1)
  2 giant cockroaches
  4 goblins (D:2)
  10 hobgoblins
  2 quokkas (D:3)
  7 bats
  5 frilled lizards
  7 kobolds
  8 rats
65 creatures vanquished.

Notes
Turn   | Place    | Note
-------+----------+-------------------------------------------
     0 | D:1      | Kaderl the Human Fighter began the quest for the Orb.
     0 | D:1      | Reached XP level 1. HP: 18/18 MP: 1/1
    93 | D:1      | Reached XP level 2. HP: 9/24 MP: 2/2
   487 | D:1      | Reached XP level 3. HP: 28/29 MP: 3/3
   852 | D:2      | Reached XP level 4. HP: 23/35 MP: 4/4
   907 | D:2      | Found a bloodstained altar of Trog.
  1094 | D:3      | Found a faded altar of an unknown god.
  1210 | D:3      | Reached XP level 5. HP: 24/41 MP: 5/5
  1396 | D:3      | Found an ornate altar of the Wu Jian Council.
  1439 | D:3      | Found a shattered altar of Ashenzari.
  1918 | D:3      | Found a runed gate.
  1918 | D:3      | Found a runed gate.
  1921 | D:3      | Found a runed gate.
  1925 | D:3      | Found an opulent altar of Gozag.
  1925 | D:3      | Noticed 3rdEnemy's ghost (amateur TrFi)
  2006 | D:4      | Reached skill level 4 in Armour
  2006 | D:4      | Reached XP level 6. HP: 4/47 MP: 6/6
  2013 | D:4      | Killed from afar by an orc wizard

Skill      XL: |  1  2  3  4  5 |
---------------+----------------+-----
Maces & Flails | 3 |  3.6
Armour         | 4 |  4.2
Fighting       | |  3.5
Dodging        | |  0.5
Shields        | |  3.7

Action                   |  1- 3 |  4- 6 || total
-------------------------+-------+-------++-------
Melee: Flail             |   118 |   132 ||   250
  Use: Scroll            |     3 |     2 ||     5
       Potion            |       |     1 ||     1
  Eat: Ration            |       |     2 ||     2
Armor: Scale mail        |    60 |    87 ||   147
Dodge: Dodged            |    42 |    67 ||   109
Block: Shield            |    66 |    70 ||   136
